[Event "CAT-ch Open-Women 2019"]
[Site "Platja de la Pineda"]
[Date "2019.04.19"]
[Round "2"]
[White "Oratovsky, Michael"]
[Black "Falomir Ballega, Sergi"]
[Result "1-0"]
[ECO "B01"]
[WhiteElo "2455"]
[BlackElo "1613"]
[Annotator "RC"]
[PlyCount "61"]
[EventDate "2019.04.18"]
[EventType "swiss"]
[EventCountry "ESP"]
[SourceTitle "playchess.com"]
[Source "ChessBase"]
[SourceQuality "1"]
[TimeControl "5400+30"]

1. e4 d5 2. exd5 Qxd5 3. Nc3 Qa5 4. Nf3 Nf6 5. d4 c6 6. Bd2 Qc7 7. Ne5 Bf5 8. Bc4 e6 9. g4 Bg6 10. h4 Nbd7 11. Qe2 Bb4 12. Bb3 Bxc3 13. bxc3 Nxe5 14. dxe5 Ne4 15. h5 O-O-O 16. O-O-O Rxd2 17. Rxd2 Nxc3 18. Qe3 Qa5 19. Kb2 Be4 20. Rh3 Nb5 21. a4 Nc7 22. Rd4 Bd5 23. c4 c5 24. Rf4 Bc6 25. Qc3 Qb6 26. a5 Qa6 27. Rxf7 b6 28. Rd3 bxa5 29. Rd6 Qb7 30. Qxa5 Qb6 31. Qxb6 1-0

[Event "CAT-ch Open-Women 2019"]
[Site "Platja de la Pineda"]
[Date "2019.04.19"]
[Round "2"]
[White "Esplugas Esteve, Vicens"]
[Black "Fernandez Fuentes, Javier"]
[Result "1-0"]
[ECO "E35"]
[WhiteElo "2297"]
[BlackElo "2090"]
[Annotator "NA"]
[PlyCount "83"]
[EventDate "2019.04.18"]
[EventType "swiss"]
[EventCountry "ESP"]
[SourceTitle "playchess.com"]
[Source "ChessBase"]
[SourceQuality "1"]
[TimeControl "5400+30"]

1. d4 Nf6 2. c4 e6 3. Nc3 Bb4 4. Qc2 d5 5. cxd5 exd5 6. Bg5 c5 7. dxc5 Nbd7 8. e3 Qa5 9. Bd3 O-O 10. Bxf6 Nxf6 11. Nge2 Bg4 12. O-O Bxe2 13. Nxe2 Qxc5 14. Rfd1 Qe7 15. Bf5 Rad8 16. Bh3 Rfe8 17. g3 Ne4 18. Nf4 Qe5 19. Bg2 Ba5 20. Qa4 Nxf2 21. Rf1 Bb6 22. Rxf2 Bxe3 23. Raf1 d4 24. Nd3 Qf5 25. Qb3 b6 26. Bc6 Re7 27. Kg2 Bxf2 28. Rxf2 Qe6 29. Qxe6 Rxe6 30. Bb5 Re3 31. Rc2 Re7 32. Kf2 Kf8 33. Nb4 d3 34. Nxd3 a6 35. Bxa6 Ra7 36. Nb4 Rd4 37. Rc8+ Ke7 38. Nc6+ Kd7 39. Nxa7 Rd2+ 40. Kf3 Rxb2 41. Bc4 Rxh2 42. Rf8 1-0

[Event "CAT-ch Open-Women 2019"]
[Site "Platja de la Pineda"]
[Date "2019.04.19"]
[Round "2"]
[White "Garcia Ramos, Daniel"]
[Black "Garcia Espelta, Josep"]
[Result "1-0"]
[ECO "B43"]
[WhiteElo "2286"]
[BlackElo "2037"]
[Annotator "NA"]
[PlyCount "45"]
[EventDate "2019.04.18"]
[EventType "swiss"]
[EventCountry "ESP"]
[SourceTitle "playchess.com"]
[Source "ChessBase"]
[SourceQuality "1"]
[TimeControl "5400+30"]

1. e4 c5 2. Nf3 e6 3. d4 cxd4 4. Nxd4 a6 5. Nc3 Qc7 6. Bd3 Nc6 7. Nxc6 dxc6 8. O-O e5 9. Qe2 Nf6 10. Kh1 Be7 11. a4 a5 12. Bc4 O-O 13. Be3 Bd7 14. f3 b6 15. Rad1 Rfd8 16. Qf2 Rab8 17. Rd2 b5 18. axb5 cxb5 19. Nd5 Nxd5 20. Bxd5 Rdc8 21. Ba7 Rb7 22. Bxb7 Qxb7 23. Qb6 1-0

[Event "CAT-ch Open-Women 2019"]
[Site "Platja de la Pineda"]
[Date "2019.04.19"]
[Round "2"]
[White "Gomez Anadon, Daniel"]
[Black "Millaret Lores, Francesc"]
[Result "1/2-1/2"]
[ECO "B52"]
[WhiteElo "2271"]
[BlackElo "2028"]
[Annotator "NA"]
[PlyCount "74"]
[EventDate "2019.04.18"]
[EventType "swiss"]
[EventCountry "ESP"]
[SourceTitle "playchess.com"]
[Source "ChessBase"]
[SourceQuality "1"]
[TimeControl "5400+30"]

1. e4 c5 2. Nf3 d6 3. Bb5+ Bd7 4. Bxd7+ Nxd7 5. O-O g6 6. c3 Bg7 7. d4 Qc7 8. Re1 e6 9. Na3 a6 10. Bf4 e5 11. dxe5 dxe5 12. Bg3 Ne7 13. Nc4 Nc6 14. Qd6 Qxd6 15. Nxd6+ Ke7 16. Rad1 f6 17. Nxb7 Rhb8 18. Rxd7+ Kxd7 19. Nxc5+ Ke7 20. b3 Rd8 21. Kf1 Rd6 22. Ke2 Bh6 23. Rb1 Nd8 24. Rd1 Ne6 25. Rxd6 Kxd6 26. Nxe6 Kxe6 27. Ne1 Rc8 28. c4 a5 29. f3 a4 30. Nc2 Bf8 31. Be1 f5 32. Bd2 Be7 33. Kd3 Rd8+ 34. Ke2 Rc8 35. Kd3 Rd8+ 36. Ke2 Rc8 37. exf5+ gxf5 1/2-1/2

[Event "CAT-ch Open-Women 2019"]
[Site "Platja de la Pineda"]
[Date "2019.04.19"]
[Round "2"]
[White "Garcia Jimenez, Francisco Javier"]
[Black "Pellicer Roncero, Nestor"]
[Result "1-0"]
[ECO "B43"]
[WhiteElo "2254"]
[BlackElo "1972"]
[Annotator "NA"]
[PlyCount "117"]
[EventDate "2019.04.18"]
[EventType "swiss"]
[EventCountry "ESP"]
[SourceTitle "playchess.com"]
[Source "ChessBase"]
[SourceQuality "1"]
[TimeControl "5400+30"]

1. e4 c5 2. Nc3 e6 3. Nf3 a6 4. d4 cxd4 5. Nxd4 Bb4 6. Nde2 Nc6 7. g3 Nf6 8. Bg2 d5 9. exd5 Nxd5 10. O-O Nxc3 11. Nxc3 O-O 12. Be3 Qc7 13. Na4 b5 14. c3 Be7 15. Nb6 Rb8 16. Nxc8 Rbxc8 17. Qh5 Qe5 18. Qxe5 Nxe5 19. Rad1 Nc4 20. Bc1 Rc7 21. Bf4 e5 22. Bc1 Rd8 23. Rxd8+ Bxd8 24. Rd1 Be7 25. b3 Nb6 26. Be3 Nc8 27. Rd3 Kf8 28. Bd5 Bd6 29. c4 Ke7 30. Rd1 Bb4 31. Kf1 Bc5 32. Bxc5+ Rxc5 33. b4 Rc7 34. c5 Na7 35. Re1 Kf6 36. a4 bxa4 37. Ra1 a5 38. Rxa4 axb4 39. Rxb4 Rxc5 40. Rb6+ Kg5 41. Bxf7 Nc6 42. h4+ Kf5 43. Kg2 Nd4 44. Bg8 Rc6 45. Bxh7+ Kf6 46. Rb7 Ne6 47. Be4 Rd6 48. Ra7 Nc5 49. Bf3 e4 50. Be2 Rd2 51. Kf1 Rb2 52. Rc7 Nd3 53. Bxd3 exd3 54. Rd7 Rb1+ 55. Kg2 Rb3 56. Kf3 g5 57. hxg5+ Kxg5 58. Rd5+ Kf6 59. Ke4 1-0

[Event "CAT-ch Open-Women 2019"]
[Site "Platja de la Pineda"]
[Date "2019.04.19"]
[Round "2"]
[White "Ruperez, Miguel"]
[Black "Diaz Camallonga, Carles"]
[Result "1/2-1/2"]
[ECO "A05"]
[WhiteElo "2168"]
[BlackElo "2432"]
[Annotator "NA RC"]
[PlyCount "63"]
[EventDate "2019.04.18"]
[EventType "swiss"]
[EventCountry "ESP"]
[SourceTitle "playchess.com"]
[Source "ChessBase"]
[SourceQuality "1"]
[TimeControl "5400+30"]

1. Nf3 Nf6 2. g3 d5 3. Bg2 e6 4. b3 b5 5. O-O Be7 6. Bb2 Bb7 7. d3 b4 8. Nbd2 c5 9. e4 Nc6 10. exd5 exd5 11. Re1 O-O 12. Ne5 Nxe5 13. Rxe5 Nd7 14. Rf5 Bf6 15. Bxf6 Nxf6 16. a3 a5 17. axb4 cxb4 18. Nf3 Re8 19. Qd2 Rc8 20. Nd4 Rc5 21. Re1 Rxe1+ 22. Qxe1 Rc7 23. Re5 Kf8 24. h3 h6 25. Qe3 Rc8 26. g4 Qd7 27. f4 Re8 28. g5 hxg5 29. fxg5 Rxe5 30. Qxe5 Ne8 31. g6 Qd6 32. Qxd6+ 1/2-1/2

[Event "CAT-ch Open-Women 2019"]
[Site "Platja de la Pineda"]
[Date "2019.04.19"]
[Round "2"]
[White "Gurrutxaga Telleria, Jose Luis"]
[Black "Martin Perez, Laura"]
[Result "1/2-1/2"]
[ECO "E11"]
[WhiteElo "2099"]
[BlackElo "2105"]
[Annotator "NA"]
[PlyCount "83"]
[EventDate "2019.04.18"]
[EventType "swiss"]
[EventCountry "ESP"]
[SourceTitle "playchess.com"]
[Source "ChessBase"]
[SourceQuality "1"]
[TimeControl "5400+30"]

1. d4 Nf6 2. c4 e6 3. Nf3 Bb4+ 4. Nbd2 b6 5. a3 Bxd2+ 6. Bxd2 Bb7 7. e3 d6 8. Bd3 Ne4 9. O-O Nd7 10. b4 O-O 11. Qc2 f5 12. a4 Qf6 13. Be1 Kh8 14. a5 Ng5 15. Nxg5 Qxg5 16. f4 Qg6 17. a6 Be4 18. Bxe4 fxe4 19. Qa4 Nf6 20. Qc6 Qf7 21. Bh4 Qd7 22. Qxd7 Nxd7 23. Rac1 Rf7 24. b5 h6 25. g4 g6 26. Rf2 Kh7 27. Rcf1 Raf8 28. Bg3 Nf6 29. h3 Nd7 30. Kg2 Kg7 31. h4 Kh7 32. Rc2 h5 33. gxh5 gxh5 34. Kh3 Rg8 35. Rg1 Rfg7 36. Rcg2 Nf6 37. Be1 Ng4 38. Bd2 Nf2+ 39. Kh2 Ng4+ 40. Kh3 Nf2+ 41. Kh2 Ng4+ 42. Kh3 1/2-1/2

[Event "CAT-ch Open-Women 2019"]
[Site "Platja de la Pineda"]
[Date "2019.04.19"]
[Round "2"]
[White "Martin Barcelo, Carles"]
[Black "Jimenez Ruano, Adrian"]
[Result "1/2-1/2"]
[ECO "B03"]
[WhiteElo "2030"]
[BlackElo "2287"]
[Annotator "NA"]
[PlyCount "111"]
[EventDate "2019.04.18"]
[EventType "swiss"]
[EventCountry "ESP"]
[SourceTitle "playchess.com"]
[Source "ChessBase"]
[SourceQuality "1"]
[TimeControl "5400+30"]

1. e4 Nf6 2. e5 Nd5 3. d4 d6 4. c4 Nb6 5. exd6 exd6 6. Nc3 Be7 7. Be3 Nc6 8. Qf3 O-O 9. O-O-O Be6 10. c5 Nc8 11. Qg3 Nb8 12. Nf3 c6 13. Bd3 d5 14. Rde1 Nd7 15. Bh6 Bf6 16. Ng5 Kh8 17. Bxg7+ Bxg7 18. Rxe6 h6 19. Re3 Bxd4 20. Nf3 Bxe3+ 21. fxe3 Nxc5 22. Bc2 Qf6 23. Rf1 Nd6 24. Nd2 Qe6 25. Qh4 f5 26. Qd4+ Rf6 27. Qxc5 Re8 28. Qd4 Qe5 29. Qh4 Ref8 30. Rf3 c5 31. a3 b5 32. g4 b4 33. axb4 cxb4 34. Ne2 Rc8 35. g5 Rf7 36. Rh3 Rh7 37. g6 Rhc7 38. Qxh6+ Kg8 39. Nd4 Nb5 40. Kb1 Nxd4 41. exd4 Qxd4 42. Nf3 Qf6 43. Bb3 Rc1+ 44. Qxc1 Rxc1+ 45. Kxc1 Qc6+ 46. Kb1 Qb5 47. Rg3 f4 48. Rg5 Qd3+ 49. Ka2 Qa6+ 50. Kb1 Qd3+ 51. Ka2 Kg7 52. Nh4 Qa6+ 53. Kb1 Qd3+ 54. Ka2 Qa6+ 55. Kb1 Qf1+ 56. Ka2 1/2-1/2

[Event "CAT-ch Open-Women 2019"]
[Site "Platja de la Pineda"]
[Date "2019.04.19"]
[Round "2"]
[White "Madria Garriga, Vidal"]
[Black "Pena Morales, Hugo"]
[Result "0-1"]
[ECO "A40"]
[WhiteElo "2017"]
[BlackElo "2276"]
[Annotator "NA"]
[PlyCount "142"]
[EventDate "2019.04.18"]
[EventType "swiss"]
[EventCountry "ESP"]
[SourceTitle "playchess.com"]
[Source "ChessBase"]
[SourceQuality "1"]
[TimeControl "5400+30"]

1. d4 g6 2. Bf4 Bg7 3. Nc3 c5 4. e3 cxd4 5. exd4 Qb6 6. Nf3 Nc6 7. Nb5 d6 8. d5 a6 9. Be3 Qa5+ 10. Bd2 Nb4 11. a3 axb5 12. Bxb4 Qb6 13. Qd3 Bd7 14. c3 Nf6 15. Be2 O-O 16. Rd1 Rac8 17. O-O Bh6 18. Qd4 Qc7 19. Qh4 Bg7 20. Rfe1 Rfe8 21. Bf1 h6 22. Qf4 b6 23. h3 g5 24. Qd2 Qb7 25. Nh2 Nh5 26. g3 f5 27. Bg2 f4 28. Qd3 fxg3 29. fxg3 Rc7 30. Qg6 Nf6 31. Nf3 Qc8 32. Nd4 Bxh3 33. Ne6 Bxe6 34. Rxe6 Rf8 35. Rde1 Rf7 36. Bh3 g4 37. Bg2 Qf8 38. Qd3 Rc4 39. b3 Rxb4 40. axb4 Nd7 41. Rf1 Ne5 42. Rxf7 Qxf7 43. Qe3 Qf8 44. Be4 Qd8 45. Qf4 Qc7 46. Qf5 Qxc3 47. Rxe7 Qxg3+ 48. Kf1 Qh3+ 49. Bg2 Qd3+ 50. Qxd3 Nxd3 51. Be4 Nf4 52. Rb7 Bd4 53. Rd7 Be5 54. Rb7 h5 55. Bf5 g3 56. Be6+ Kh8 57. Rb8+ Kg7 58. Rg8+ Kf6 59. Rf8+ Ke7 60. Rf7+ Ke8 61. Rxf4 Bxf4 62. Kg2 Ke7 63. Kf3 Kf6 64. Bd7 Ke5 65. Be6 Kd4 66. Bh3 Be5 67. Bf1 Kxd5 68. Bxb5 Kd4 69. Be8 h4 70. b5 h3 71. Bd7 g2 0-1

[Event "CAT-ch Open-Women 2019"]
[Site "Platja de la Pineda"]
[Date "2019.04.19"]
[Round "2"]
[White "Pla Almenar, Nel"]
[Black "Caballero Gomez-Casero, Emilio"]
[Result "1-0"]
[ECO "D02"]
[WhiteElo "2006"]
[BlackElo "1815"]
[Annotator "NA"]
[PlyCount "33"]
[EventDate "2019.04.18"]
[EventType "swiss"]
[EventCountry "ESP"]
[SourceTitle "playchess.com"]
[Source "ChessBase"]
[SourceQuality "1"]
[TimeControl "5400+30"]

1. Nf3 Nc6 2. d4 d5 3. Bf4 Bg4 4. Nbd2 e6 5. e3 Bd6 6. Bxd6 Qxd6 7. Be2 Nge7 8. O-O O-O 9. c4 a5 10. Rc1 a4 11. a3 Na5 12. cxd5 exd5 13. Qxa4 Nc4 14. Nxc4 Bxf3 15. Bxf3 Rxa4 16. Nxd6 cxd6 17. Rc7 1-0

[Event "CAT-ch Open-Women 2019"]
[Site "Platja de la Pineda"]
[Date "2019.04.19"]
[Round "2"]
[White "Granados Tello, Roman"]
[Black "Saurina Sune, Francesc Xavier"]
[Result "0-1"]
[ECO "C45"]
[WhiteElo "1855"]
[BlackElo "2012"]
[Annotator "NA"]
[PlyCount "115"]
[EventDate "2019.04.18"]
[EventType "swiss"]
[EventCountry "ESP"]
[SourceTitle "playchess.com"]
[Source "ChessBase"]
[SourceQuality "1"]
[TimeControl "5400+30"]

1. e4 e5 2. Nf3 Nc6 3. d4 exd4 4. Nxd4 Bc5 5. Nb3 Bb6 6. Qe2 d6 7. Nc3 Be6 8. Be3 Qe7 9. g3 Nf6 10. Bg2 O-O 11. O-O Ne5 12. Nd2 Rad8 13. Bxb6 axb6 14. Rfe1 Nc6 15. Nd5 Bxd5 16. exd5 Qxe2 17. Rxe2 Nb4 18. c4 Rfe8 19. Ne4 Kf8 20. a3 Ra8 21. Rd1 Na6 22. Rdd2 Nxe4 23. Bxe4 Nc5 24. Bc2 Rxe2 25. Rxe2 Na4 26. Bb3 Nc5 27. Bc2 Nd7 28. f4 g6 29. Kf2 Ra5 30. Re3 Nf6 31. h3 b5 32. b4 Ra8 33. cxb5 Nxd5 34. Rd3 Ne7 35. Bd1 Ke8 36. Bf3 d5 37. Bxd5 Nxd5 38. Rxd5 Rxa3 39. Rc5 Kd7 40. Rd5+ Ke6 41. Re5+ Kd6 42. Re4 h5 43. Rd4+ Ke6 44. h4 Rb3 45. Re4+ Kd7 46. Rd4+ Kc8 47. b6 cxb6 48. Rc4+ Kd7 49. Rd4+ Ke6 50. Re4+ Kf5 51. Re7 f6 52. Rxb7 Rxb4 53. Rg7 Rb3 54. Rg8 b5 55. Kg2 b4 56. Rb8 Kg4 57. f5 Kxf5 58. Rg8 0-1

[Event "CAT-ch Open-Women 2019"]
[Site "Platja de la Pineda"]
[Date "2019.04.19"]
[Round "2"]
[White "Clanchet Olle, Josep"]
[Black "Chueca Forcen, Alberto"]
[Result "0-1"]
[ECO "C50"]
[WhiteElo "1626"]
[BlackElo "2270"]
[Annotator "NA"]
[PlyCount "86"]
[EventDate "2019.04.18"]
[EventType "swiss"]
[EventCountry "ESP"]
[SourceTitle "playchess.com"]
[Source "ChessBase"]
[SourceQuality "1"]
[TimeControl "5400+30"]

1. e4 e5 2. Nf3 Nc6 3. Bc4 Bc5 4. Nc3 Nf6 5. d3 d6 6. h3 h6 7. O-O O-O 8. Na4 Qe7 9. Nxc5 dxc5 10. Be3 Rd8 11. Qe2 Na5 12. Rfd1 Nxc4 13. dxc4 Bd7 14. Nd2 Bc6 15. f3 b6 16. Nf1 Nh5 17. Rxd8+ Rxd8 18. Rd1 Nf4 19. Bxf4 exf4 20. Rxd8+ Qxd8 21. Qd3 Qd4+ 22. Qxd4 cxd4 23. Nd2 Ba4 24. b3 Bd7 25. Kf2 c5 26. Ke2 f5 27. Kd3 Kf7 28. c3 dxc3 29. Kxc3 Kf6 30. a3 Ke5 31. b4 cxb4+ 32. axb4 fxe4 33. Nxe4 Bf5 34. c5 Bd7 35. Kc4 bxc5 36. Kxc5 a6 37. Kb6 Bb5 38. Nc5 Bf1 39. Nxa6 Bxg2 40. Kc7 Bxf3 41. b5 Be2 42. Kc6 f3 43. Nc5 f2 0-1

[Event "CAT-ch Open-Women 2019"]
[Site "Platja de la Pineda"]
[Date "2019.04.19"]
[Round "3"]
[White "Munoz, Miguel"]
[Black "Esplugas Esteve, Vicenc"]
[Result "1-0"]
[ECO "C03"]
[WhiteElo "2509"]
[BlackElo "2297"]
[Annotator "ChessBase"]
[PlyCount "87"]
[EventDate "2019.04.18"]
[EventType "swiss"]
[EventCountry "ESP"]
[SourceTitle "playchess.com"]
[Source "ChessBase"]
[SourceQuality "1"]
[TimeControl "5400+30"]

1. e4 e6 2. d4 d5 3. Nd2 Be7 4. Bd3 c5 5. dxc5 Nf6 6. exd5 Qxd5 7. Ngf3 Nbd7 8. b4 a5 9. Bc4 Qc6 10. c3 b6 11. a4 bxc5 12. b5 Qc7 13. Qe2 O-O 14. Bb3 Bb7 15. O-O Nd5 16. Bxd5 Bxd5 17. c4 Bxf3 18. Nxf3 Bf6 19. Bb2 Bxb2 20. Qxb2 Qf4 21. Qd2 Qxd2 22. Nxd2 Nb6 23. Rfc1 Rfc8 24. Nb3 e5 25. f3 f5 26. Kf2 Kf7 27. Ke3 Ke6 28. Kd3 Ra7 29. Kc3 Rd7 30. Nxa5 Ra7 31. Nc6 Rxa4 32. Rxa4 Nxa4+ 33. Kb3 Nb6 34. Re1 e4 35. fxe4 f4 36. Rd1 Rf8 37. e5 Nc8 38. Rd5 f3 39. gxf3 Rxf3+ 40. Kc2 Rh3 41. Rxc5 Rxh2+ 42. Kc3 Rh3+ 43. Kb4 Rd3 44. Na5 1-0

[Event "CAT-ch Open-Women 2019"]
[Site "Platja de la Pineda"]
[Date "2019.04.19"]
[Round "3"]
[White "Barbero Sendic, Alejandro"]
[Black "Guerra Mendez, Jose Angel"]
[Result "1/2-1/2"]
[ECO "B51"]
[WhiteElo "2361"]
[BlackElo "2531"]
[Annotator "ChessBase"]
[PlyCount "37"]
[EventDate "2019.04.18"]
[EventType "swiss"]
[EventCountry "ESP"]
[SourceTitle "playchess.com"]
[Source "ChessBase"]
[SourceQuality "1"]
[TimeControl "5400+30"]

1. e4 c5 2. Nf3 d6 3. Bb5+ Nd7 4. Ba4 Ngf6 5. O-O g6 6. d3 Bg7 7. c4 O-O 8. h3 Nb6 9. Bc2 e5 10. Nc3 Nh5 11. Rb1 Nf4 12. b4 cxb4 13. Rxb4 g5 14. Nh2 f5 15. exf5 Bxf5 16. Be3 Kh8 17. a4 d5 18. Bxb6 axb6 19. Nxd5 1/2-1/2

[Event "CAT-ch Open-Women 2019"]
[Site "Platja de la Pineda"]
[Date "2019.04.19"]
[Round "3"]
[White "Jimenez Ruano, Adrian"]
[Black "Ruperez, Miguel"]
[Result "1-0"]
[ECO "B47"]
[WhiteElo "2287"]
[BlackElo "2168"]
[Annotator "ChessBase"]
[PlyCount "101"]
[EventDate "2019.04.18"]
[EventType "swiss"]
[EventCountry "ESP"]
[SourceTitle "playchess.com"]
[Source "ChessBase"]
[SourceQuality "1"]
[TimeControl "5400+30"]

1. e4 c5 2. Nf3 e6 3. d4 cxd4 4. Nxd4 Nc6 5. Nc3 Qc7 6. g3 a6 7. Bg2 d6 8. O-O Bd7 9. Be3 Nf6 10. Nce2 Ne5 11. b3 Neg4 12. Bc1 e5 13. Nf5 d5 14. h3 g6 15. Nh4 Nxf2 16. Rxf2 Nxe4 17. Bxe4 dxe4 18. Be3 Bxh3 19. Qd5 Be6 20. Qxe4 f5 21. Qh1 Bg7 22. Nf3 O-O-O 23. Rc1 h6 24. Nh4 Qf7 25. Rcf1 Bf6 26. Nc3 Qg7 27. Na4 Kb8 28. Nc5 Bd5 29. Qh2 Rhe8 30. Rd2 Bc6 31. Rfd1 Rxd2 32. Qxd2 f4 33. Qd6+ Ka8 34. Ne6 fxe3 35. Nxg7 Bxg7 36. Qd3 Bf6 37. Qxe3 Bg5 38. Qe2 e4 39. Nxg6 e3 40. Nf4 Re4 41. Rd3 Be7 42. Ng2 h5 43. Rxe3 Bc5 44. Kh2 Bxe3 45. Nxe3 Re8 46. Qf2 Rd8 47. Kh3 Re8 48. Kh4 Re5 49. Nc4 Re8 50. Kxh5 Rh8+ 51. Kg5 1-0

[Event "CAT-ch Open-Women 2019"]
[Site "Platja de la Pineda"]
[Date "2019.04.19"]
[Round "3"]
[White "Pena Morales, Hugo"]
[Black "Valenzuela Gomez, Fernando"]
[Result "1/2-1/2"]
[ECO "B15"]
[WhiteElo "2276"]
[BlackElo "2406"]
[Annotator "NA"]
[PlyCount "51"]
[EventDate "2019.04.18"]
[EventType "swiss"]
[EventCountry "ESP"]
[SourceTitle "playchess.com"]
[Source "ChessBase"]
[SourceQuality "1"]
[TimeControl "5400+30"]

1. e4 c6 2. d4 d5 3. Nc3 dxe4 4. Nxe4 Nf6 5. Nxf6+ exf6 6. Nf3 Bd6 7. Be2 O-O 8. O-O Re8 9. h3 Nd7 10. c4 Nf8 11. Be3 Be6 12. Qd2 Qd7 13. d5 cxd5 14. cxd5 Bxh3 15. Nd4 Ng6 16. f4 Qe7 17. Kf2 Bd7 18. g3 Bc5 19. Rac1 Qd6 20. Nf5 Bxe3+ 21. Nxe3 Qb6 22. Rfd1 Rac8 23. Rxc8 Rxc8 24. Qd4 Qxd4 25. Rxd4 Kf8 26. Rd1 1/2-1/2

[Event "CAT-ch Open-Women 2019"]
[Site "Platja de la Pineda"]
[Date "2019.04.19"]
[Round "3"]
[White "Bravo Barranco, Narcis"]
[Black "Calle Ordonez, Albert"]
[Result "1-0"]
[ECO "B12"]
[WhiteElo "2252"]
[BlackElo "1998"]
[Annotator "NA"]
[PlyCount "65"]
[EventDate "2019.04.18"]
[EventType "swiss"]
[EventCountry "ESP"]
[SourceTitle "playchess.com"]
[Source "ChessBase"]
[SourceQuality "1"]
[TimeControl "5400+30"]

1. e4 c6 2. d4 d5 3. e5 c5 4. dxc5 e6 5. Nf3 Bxc5 6. Bd3 Nc6 7. a3 Bb6 8. O-O f6 9. Bf4 g5 10. Bg3 f5 11. h3 Qe7 12. Kh1 Qg7 13. Nc3 Nh6 14. Re1 f4 15. Bh2 Bxf2 16. Re2 Be3 17. Nb5 O-O 18. Bg1 Bxg1 19. Qxg1 Nf7 20. Rae1 a6 21. Nbd4 Bd7 22. Nxc6 bxc6 23. Qc5 Nh6 24. Nd4 Kh8 25. Qd6 Rae8 26. Rf1 c5 27. Qxc5 g4 28. Qd6 Rg8 29. hxg4 Nxg4 30. Rf3 Re7 31. Rh3 Ne3 32. Bxh7 Qxh7 33. Qxe7 1-0

[Event "CAT-ch Open-Women 2019"]
[Site "Platja de la Pineda"]
[Date "2019.04.19"]
[Round "3"]
[White "Ventura Bolet, Alexandre"]
[Black "Garcia De Blas, Esteban"]
[Result "1-0"]
[ECO "D94"]
[WhiteElo "2191"]
[BlackElo "1989"]
[Annotator "NA"]
[PlyCount "88"]
[EventDate "2019.04.18"]
[EventType "swiss"]
[EventCountry "ESP"]
[SourceTitle "playchess.com"]
[Source "ChessBase"]
[SourceQuality "1"]
[TimeControl "5400+30"]

1. Nf3 d5 2. c4 c6 3. e3 Nf6 4. Nc3 g6 5. d4 Bg7 6. Qc2 O-O 7. Bd3 Re8 8. O-O Nbd7 9. cxd5 Nxd5 10. Nxd5 cxd5 11. Bd2 e5 12. dxe5 Nxe5 13. Nxe5 Rxe5 14. Bc3 Re7 15. Bxg7 Kxg7 16. Qc3+ Kg8 17. Rfd1 Bg4 18. Rd2 Qb6 19. Bf1 Rc8 20. Qd4 Qxd4 21. Rxd4 Be6 22. Rad1 Rec7 23. f3 Rc1 24. Rxc1 Rxc1 25. Rd2 Kf8 26. Kf2 Ke7 27. Bb5 Rc7 28. a3 h6 29. Ba4 a6 30. Ke2 g5 31. Kd1 Kd6 32. Bb3 Ke5 33. g3 Rd7 34. Rd4 h5 35. Kd2 Kd6 36. h4 g4 37. fxg4 hxg4 38. e4 Ke5 39. Ke3 Rc7 40. exd5 Bf5 41. d6 Rd7 42. h5 f6 43. h6 Rh7 44. Rd5+ Ke6 1-0

[Event "CAT-ch Open-Women 2019"]
[Site "Platja de la Pineda"]
[Date "2019.04.19"]
[Round "3"]
[White "Montilla Carrillo, Esteban"]
[Black "Guix Torres, David"]
[Result "1-0"]
[ECO "A57"]
[WhiteElo "2178"]
[BlackElo "1972"]
[Annotator "ChessBase"]
[PlyCount "123"]
[EventDate "2019.04.18"]
[EventType "swiss"]
[EventCountry "ESP"]
[SourceTitle "playchess.com"]
[Source "ChessBase"]
[SourceQuality "1"]
[TimeControl "5400+30"]

1. d4 Nf6 2. Nf3 c5 3. d5 g6 4. c4 b5 5. Qc2 bxc4 6. e4 Bg7 7. Bxc4 d6 8. O-O O-O 9. h3 Nbd7 10. Rd1 Rb8 11. Nc3 Qb6 12. Qe2 Ne8 13. a4 Qa5 14. Ra3 Rb4 15. Na2 Rb8 16. b3 Qc7 17. a5 Ne5 18. Nxe5 Bxe5 19. Bb2 Bxb2 20. Qxb2 Nf6 21. Nc3 Bd7 22. Qd2 Rb4 23. Ra2 Rfb8 24. f4 e6 25. e5 dxe5 26. d6 Qc6 27. fxe5 Ne4 28. Nxe4 Qxe4 29. Re1 Qh4 30. Qe3 Bb5 31. Rf1 Bxc4 32. bxc4 Rxc4 33. Raf2 Rb7 34. a6 Rd7 35. Rf4 Rxf4 36. Rxf4 Qg5 37. h4 Qh6 38. g3 Qh5 39. Qxc5 Qd1+ 40. Rf1 Qa4 41. Rb1 Qxa6 42. Rb8+ Kg7 43. Qc8 Qxc8 44. Rxc8 a5 45. g4 g5 46. hxg5 a4 47. Ra8 a3 48. Kf2 h6 49. gxh6+ Kxh6 50. Rxa3 Kg5 51. Rf3 Kxg4 52. Rf6 Kg5 53. Ke3 Rxd6 54. exd6 Kxf6 55. Ke4 e5 56. Kd5 e4 57. Kc6 e3 58. d7 Ke5 59. d8=Q f5 60. Kc5 Ke4 61. Qd5+ Kf4 62. Qg2 1-0

[Event "CAT-ch Open-Women 2019"]
[Site "Platja de la Pineda"]
[Date "2019.04.19"]
[Round "3"]
[White "Campos Cayuelas, Adria"]
[Black "Lozano Ruiz, David"]
[Result "1-0"]
[ECO "B01"]
[WhiteElo "2162"]
[BlackElo "1898"]
[Annotator "NA"]
[PlyCount "145"]
[EventDate "2019.04.18"]
[EventType "swiss"]
[EventCountry "ESP"]
[SourceTitle "playchess.com"]
[Source "ChessBase"]
[SourceQuality "1"]
[TimeControl "5400+30"]

1. e4 d5 2. exd5 Nf6 3. Bb5+ Nbd7 4. Nc3 a6 5. Be2 Nb6 6. Bf3 Nbxd5 7. Nxd5 Nxd5 8. d4 c6 9. Ne2 Bf5 10. a3 e6 11. O-O Bd6 12. Re1 O-O 13. c4 Nf6 14. Qb3 Qc7 15. c5 Be7 16. Bf4 Qd7 17. Rad1 a5 18. Nc3 Bg4 19. Bxg4 Nxg4 20. Na4 Bd8 21. Qg3 Nf6 22. Be5 Nh5 23. Qg4 g6 24. Qf3 Qd5 25. Qxd5 cxd5 26. Rd3 Be7 27. Rb3 Ra7 28. Rb5 Bf6 29. Bd6 Re8 30. Rd1 e5 31. dxe5 Bxe5 32. g3 Nf6 33. Nb6 Bxd6 34. cxd6 Rd8 35. d7 Ra6 36. Nxd5 Nxd5 37. Rdxd5 b6 38. Rb3 Kf8 39. Kf1 Ra7 40. Rxb6 Rdxd7 41. Rxd7 Rxd7 42. Ke2 Ke7 43. Rb5 Ra7 44. a4 h5 45. Kd3 Kd6 46. Kd4 Kc6 47. h4 Kd6 48. Rb6+ Ke7 49. Kc5 Kd7 50. b3 Rc7+ 51. Kb5 Ra7 52. Rf6 Ke7 53. Rf3 Ke6 54. Kb6 Ra8 55. Rc3 Kd6 56. Kb7 Re8 57. Rc6+ Kd7 58. Rc5 Re2 59. Rxa5 Rxf2 60. Rb5 Rc2 61. a5 Rc7+ 62. Kb8 Rc8+ 63. Ka7 Rc3 64. a6 f6 65. b4 Rc4 66. Rb7+ Kc8 67. b5 g5 68. hxg5 fxg5 69. Rh7 h4 70. b6 Rb4 71. gxh4 gxh4 72. b7+ Kd8 73. b8=Q+ 1-0

[Event "CAT-ch Open-Women 2019"]
[Site "Platja de la Pineda"]
[Date "2019.04.19"]
[Round "3"]
[White "Fernandez Aguilar, Francisco"]
[Black "Gallego Montes, Antoni"]
[Result "1-0"]
[ECO "C41"]
[WhiteElo "2132"]
[BlackElo "1892"]
[Annotator "ChessBase"]
[PlyCount "92"]
[EventDate "2019.04.18"]
[EventType "swiss"]
[EventCountry "ESP"]
[SourceTitle "playchess.com"]
[Source "ChessBase"]
[SourceQuality "1"]
[TimeControl "5400+30"]

1. d4 d6 2. Nf3 Nd7 3. e4 e5 4. Bc4 h6 5. dxe5 Qe7 6. exd6 Qxe4+ 7. Be2 Bxd6 8. Nc3 Qg6 9. Nb5 Ne5 10. O-O Bd7 11. Nxd6+ cxd6 12. Bf4 Bc6 13. Bg3 Ne7 14. Nd4 O-O 15. f4 Qe4 16. Rf2 Rfd8 17. Nxc6 N5xc6 18. Bd3 Qd5 19. Rd2 Qd4+ 20. Kh1 Qf6 21. c3 Nf5 22. Bf2 d5 23. Qg4 Nd6 24. Bh4 Qe6 25. Qxe6 fxe6 26. Bxd8 Rxd8 27. Re1 Kf7 28. Kg1 Kf6 29. Rde2 Re8 30. Bc2 Nc4 31. Ba4 a6 32. Bb3 N6a5 33. Bd1 Nd6 34. b3 Nc6 35. Re3 Nf5 36. Rd3 d4 37. cxd4 Nfxd4 38. Bf3 Nxf3+ 39. Rxf3 Rd8 40. Rfe3 Rd6 41. Kf2 Nb4 42. R1e2 Nd5 43. Rd3 Rc6 44. g3 Rc1 45. Rdd2 Nc3 46. Re1 Nd5 1-0